 Dungeon Crawl Stone Soup version 0.17-a0-1533-g2f57bce (webtiles) character file.

94599 wvc the Bludgeoner (level 15, -10/145 HPs)
             Began as a Minotaur Wizard on July 15, 2015.
             Was the Champion of Okawaru.
             Killed from afar by HEYYEYAAE's ghost (23 damage)
             ... with a bolt of negative energy
             ... on level 1 of the Spider Nest on July 16, 2015.
             The game lasted 01:48:34 (31889 turns).

wvc the Bludgeoner (Minotaur Wizard)               Turns: 31889, Time: 01:48:34

Health: -10/145    AC: 21    Str: 13    XL:     15   Next: 64%
Magic:  17/17      EV: 22    Int: 15    God:    Okawaru [******]
Gold:   635        SH:  0    Dex: 20    Spells: 3 memorised, 13 levels left

rFire  . . .     SeeInvis .     D - +0 great mace (venom)
rCold  . . .     Clarity  .     I - +2 swamp dragon armour
rNeg   . . .     SustAt   .     (no shield)
rPois  +         Gourm    .     Y - +0 hat "Pihaa" {MR+}
rElec  .         Spirit   .     w - +2 cloak {MR+}
rCorr  +         Warding  .     z - +0 pair of gloves
rMut   .         Stasis   .     F - +0 pair of boots
MR     ++++.                    X - amulet of resist corrosion
Stlth  +++.......               l - +4 ring of dexterity
                                e - ring of protection from magic

@: heroism, heavily drained, incredibly resistant to hostile enchantments,
fairly stealthy
A: retaliatory headbutt, hooves 1, horns 2, thin skeletal structure 1
a: Heroism, Finesse, Renounce Religion


You were on level 1 of the Spider Nest.
You worshipped Okawaru.
Okawaru was exalted by your worship.
You were not hungry.

You visited 5 branches of the dungeon, and saw 27 of its levels.
You also visited: Bailey.

You collected 2787 gold pieces.
You spent 2152 gold pieces at shops.

Inventory:

Hand weapons
 j - a +0 whip of distortion
 s - a +0 lajatang
 D - a +0 great mace of venom (weapon)
 E - a +1 dire flail of crushing
 T - the +8 lance "Wyrmbane" {slay drac, +Rage rPois rF+ AC+5}
   (You bought it in a shop on level 4 of the Orcish Mines)

   It affects your AC (+5).
   It protects you from fire.
   It protects you from poison.
   It lets you go berserk.
Armour
 b - a +1 hat
 w - a +2 cloak of magic resistance (worn)
 z - a +0 pair of gloves (worn)
 F - a +0 pair of boots (worn)
 I - a +2 swamp dragon armour (worn)
 Y - the +0 hat "Pihaa" (worn) {MR+}
   (You acquired it on level 13 of the Dungeon)

   It affects your resistance to hostile enchantments.
Jewellery
 e - a ring of protection from magic (left hand)
 g - an uncursed amulet of resist mutation
 l - a +4 ring of dexterity (right hand)
 n - an uncursed amulet of rage
 r - an uncursed ring of poison resistance
 L - an uncursed amulet of stasis
 N - an uncursed ring of sustain attributes
 X - an amulet of resist corrosion (around neck)
Magical devices
 y - a wand of fire (11)
 A - a wand of disintegration (11)
 G - a wand of draining (9)
 P - a wand of fire (6)
 Q - a wand of fire (7)
 U - a wand of fireball (5)
 V - a wand of confusion (19)
Scrolls
 a - 4 scrolls of amnesia
 h - 2 scrolls of fog
 k - 12 scrolls of remove curse
 o - a scroll of recharging
 u - a scroll of identify
 H - 3 scrolls of magic mapping
Potions
 f - a potion of cure mutation
 m - 7 potions of might
 p - a potion of invisibility
 q - a potion of resistance
 t - 5 potions of flight
 x - a potion of brilliance
 B - a potion of magic
 C - 10 potions of curing
 K - 4 potions of agility
 O - 3 potions of haste
Books
 c - a book of Transfigurations

   Spells                             Type                      Level
   a - Stoneskin                      Transmutation/Earth          2
   b - Irradiate                      Conjuration/Transmutation    5
   c - Statue Form                    Transmutation/Earth          6
   d - Hydra Form                     Transmutation                6
   e - Dragon Form                    Transmutation                7
 i - a book of Clouds

   Spells                             Type                      Level
   a - Mephitic Cloud                 Conjuration/Poison/Air       3
   b - Conjure Flame                  Conjuration/Fire             3
   c - Poisonous Cloud                Conjuration/Poison/Air       6
   d - Freezing Cloud                 Conjuration/Ice/Air          6
   e - Ring of Flames                 Charms/Fire                  7
 W - a book of Burglary

   Spells                             Type                      Level
   a - Swiftness                      Charms/Air                   2
   b - Passwall                       Transmutation/Earth          3
   c - Passage of Golubria            Translocation                4
   d - Lee's Rapid Deconstruction     Earth                        5
   e - Invisibility                   Hexes                        6
   f - Darkness                       Hexes                        7
Miscellaneous
 J - a phial of floods
 M - a plain deck of changes {Dowsing}
Comestibles
 d - 9 bread rations
 v - a meat ration


   Skills:
 - Level 16.4(18.8) Fighting
 - Level 16.7(20.1) Maces & Flails
 + Level 9.1(14.0) Polearms
 - Level 11.0(18.3) Staves
 - Level 13.1(15.6) Armour
 - Level 11.0(13.7) Dodging
 - Level 1.5(4.7) Stealth
 - Level 2.1(0.5) Spellcasting
 - Level 0.6(0.0) Conjurations
 - Level 0.2(0.0) Charms
   Level 0.6(0.0) Summonings
 - Level 0.6(0.0) Translocations
 - Level 0.3(0.0) Air Magic
 - Level 3.5(1.8) Invocations
 - Level 1.6(0.0) Evocations


You had 13 spell levels left.
You knew the following spells:

 Your Spells              Type           Power        Failure   Level  Hunger
a - Magic Dart            Conj           #...         45%         1    ##.....
b - Blink                 Tloc           N/A          71%         2    ###....
c - Repel Missiles        Chrm/Air       #.....       71%         2    ###....


Dungeon Overview and Level Annotations

Branches:
Dungeon (13/15)            Temple (1/1) D:4            Lair (8/8) D:11
 Shoals (0/4) Lair:5       Spider (1/4) Lair:6        Slime (0/6) Lair:8
    Orc (4/4) D:11            Elf (0/3) Orc:4        Vaults (0/5) D:13

Altars:
Ashenzari
Cheibriados
Dithmenos
Elyvilon
Fedhas
Gozag
Kikubaaqudgha
Makhleb
Nemelex Xobeh
Okawaru
Qazlal
Ru
Sif Muna
Trog
Vehumet
Xom
Zin
The Shining One
Beogh
Jiyva

Shops:
D:10 ?   Orc:4 :(!(

Annotations:
Spider:1 HEYYEYAAE's ghost, mighty DrBe


Innate Abilities, Weirdness & Mutations

You reflexively headbutt those who attack you in melee.
You have a pair of horns on your head.
You have large cloven feet.
You have a somewhat thin skeletal structure (Dex +2, Stealth).


Message History

HEYYEYAAE's ghost is heavily damaged.
HEYYEYAAE's ghost hits you!! HEYYEYAAE's ghost burns you.
You miss HEYYEYAAE's ghost.
HEYYEYAAE's ghost is heavily damaged.
You completely miss HEYYEYAAE's ghost.
HEYYEYAAE's ghost is heavily damaged.
HEYYEYAAE's ghost hits you!!
* * * LOW HITPOINT WARNING * * *
HEYYEYAAE's ghost burns you.
* * * LOW HITPOINT WARNING * * *
You are too injured to fight recklessly!
You are too injured to fight recklessly!
You are too injured to fight recklessly!
You are too injured to fight recklessly!
HEYYEYAAE's ghost breathes negative energy at you.
The bolt of negative energy hits you!
You feel drained.
* * * LOW HITPOINT WARNING * * *
HEYYEYAAE's ghost breathes negative energy at you.
The bolt of negative energy hits you!
You feel drained.
You die...

###### ##.##.#
... ##.....# #..
#...^.<## #..
#.....^.# # #..
#......##
#.#..######†..##
#.........@....#
.......W......##
............^..#
..............##
.......#^......#
....#.##......##
... ## .......#
.# ##......#
#......#


You could see HEYYEYAAE's ghost.

Vanquished Creatures
  Maud (Lair:4)
  Nessos (Lair:7)
  2 vault guards (D:13)
  Josephine (Lair:8)
  Fannar (Orc:1)
  12 hydras
  A catoblepas (D:13)
  Erica (Lair:2)
  Erolcha (Orc:1)
  An orc high priest (Orc:3)
  A centaur warrior (D:12)
  Urug (Lair:2)
  3 skeletal warriors (D:13)
  A lindwurm (shapeshifter) (D:13)
  7 orc knights
  3 hill giants
  A necromancer (D:13)
  A cyclops (D:12)
  17 elephants (Lair:4)
  2 griffons
  2 orc sorcerers
  2 ugly things
  A guardian serpent (D:12)
  3 black mambas
  The ghost of matakusis the Skirmisher, an experienced DsGl of Qazlal (D:5)
  A torpor snail (Lair:5)
  14 spiny frogs
  A yaktaur (D:13)
  10 komodo dragons
  A spriggan druid (Lair:8)
  A jumping spider (Spider:1)
  8 polar bears
  3 trolls
  3 fire drakes
  2 boulder beetles
  2 two-headed ogres
  24 blink frogs
  4 trapdoor spiders (Lair:6)
  2 shadows
  2 deep elf magi
  11 spriggans (Lair:8)
  A wyvern (D:13)
  5 redbacks (Lair:8)
  2 hungry ghosts (D:9)
  5 wraiths
  58 yaks
  Eustachio (D:4)
  Grum (D:11)
  21 humans
  A steam dragon (Lair:8)
  6 vampire mosquitoes
  6 hippogriffs
  31 wolves
  6 wargs
  19 water moccasins
  Edmund (D:5)
  63 orc warriors
  3 ice beasts
  3 wasps (Lair:8)
  2 sky beasts
  10 porcupines
  10 ogres
  6 black bears
  4 phantoms
  20 centaurs
  11 crocodiles
  3 eyes of draining
  24 giant frogs
  A big kobold (D:9)
  7 scorpions
  8 wights
  The ghost of namelastname112 the Poker, a weakling DrSk (D:3)
  4 electric eels (Lair:4)
  2 giant frog zombies (D:9)
  18 killer bees
  4 crimson imps
  Ijyb (D:7)
  3 centaur skeletons
  9 hounds
  2 jellies
  38 orc priests
  19 orc wizards
  3 worker ants
  Jessica (D:2)
  3 giant frog skeletons
  A quasit (D:8)
  13 iguanas
  18 sheep
  A hound skeleton (D:6)
  3 worker ant zombies
  12 gnolls
  89 river rats
  11 adders
  2 shadow imps
  An ooze (D:6)
  4 adder skeletons
  An adder zombie (D:5)
  4 worms
  7 giant geckos
  225 orcs
  A ball python (D:1)
  15 bats
  2 bat skeletons
  A bat zombie (D:6)
  8 giant cockroaches
  22 goblins
  17 hobgoblins
  12 jackals
  32 kobolds
  2 quokkas
  7 giant newts
  A quokka zombie (D:6)
  16 rats
  A fungus (Lair:8)
1133 creatures vanquished.

Vanquished Creatures (others)
  A necromancer (D:13)
  A draconian (D:1)
  An octopode (D:1)
  2 gargoyles (D:1)
  A vine stalker (D:1)
  An elf (D:1)
  A spriggan (D:1)
  2 humans
  A vampire (D:1)
  2 nagas (D:1)
  A dwarf (D:1)
  2 ogres (D:1)
  A mummy (D:1)
  A river rat (Lair:4)
  2 orcs
  105 fungi
  43 plants
  5 tentacles (D:1)
  88 tentacle segments (D:1)
261 creatures vanquished.

Grand Total: 1394 creatures vanquished

Notes
Turn   | Place    | Note
--------------------------------------------------------------
     0 | D:1      | wvc the Minotaur Wizard began the quest for the Orb.
     0 | D:1      | Reached XP level 1. HP: 14/14 MP: 2/2
     2 | D:1      | Noticed a vampire
     2 | D:1      | Noticed a dwarf
     2 | D:1      | Noticed an ogre
     2 | D:1      | Noticed a gargoyle
     2 | D:1      | Noticed an elf
     2 | D:1      | Noticed a vine stalker
     2 | D:1      | Noticed a spriggan
     2 | D:1      | Noticed an octopode
     2 | D:1      | Noticed a kraken
     2 | D:1      | Noticed a naga
     2 | D:1      | Noticed a naga
     2 | D:1      | Noticed a draconian
     2 | D:1      | Noticed a gargoyle
     2 | D:1      | Noticed an ogre
     6 | D:1      | Killed a vine stalker
     8 | D:1      | Killed a spriggan
     8 | D:1      | Killed a gargoyle
     8 | D:1      | Killed a gargoyle
    10 | D:1      | Killed an ogre
    11 | D:1      | Killed an ogre
    12 | D:1      | Killed an octopode
    13 | D:1      | Killed a naga
    14 | D:1      | Killed a vampire
    16 | D:1      | Killed an elf
    17 | D:1      | Killed a naga
    17 | D:1      | Killed a dwarf
    18 | D:1      | Killed a draconian
   160 | D:1      | Reached skill level 1 in Fighting
   240 | D:1      | Reached XP level 2. HP: 24/24 MP: 4/4
   329 | D:1      | Reached skill level 1 in Maces & Flails
  1105 | D:2      | Reached XP level 3. HP: 24/29 MP: 5/5
  1148 | D:2      | Reached skill level 1 in Armour
  1161 | D:2      | Noticed Jessica
  1180 | D:2      | Killed Jessica
  1913 | D:3      | Reached XP level 4. HP: 36/36 MP: 6/6
  1921 | D:3      | Noticed namelastname112's ghost (weakling DrSk)
  1931 | D:3      | Killed namelastname112's ghost
  1931 | D:3      | Reached skill level 3 in Maces & Flails
  2017 | D:3      | Reached skill level 4 in Maces & Flails
  2494 | D:3      | Reached XP level 5. HP: 39/41 MP: 7/7
  2662 | D:3      | Found a shimmering altar of Xom.
  2663 | D:3      | Found a burning altar of Makhleb.
  2706 | D:3      | Reached skill level 5 in Maces & Flails
  3347 | D:4      | Found a staircase to the Ecumenical Temple.
  3356 | Temple   | Entered the Ecumenical Temple
  3567 | Temple   | Became a worshipper of Warmaster Okawaru
  3619 | D:4      | Reached skill level 6 in Maces & Flails
  3620 | D:4      | Reached XP level 6. HP: 39/48 MP: 8/8
  3852 | D:4      | Noticed a phantom
  3874 | D:4      | Killed a phantom
  3874 | D:4      | Reached skill level 7 in Maces & Flails
  4064 | D:4      | Noticed Eustachio
  4078 | D:4      | Killed Eustachio
  4078 | D:4      | Acquired Okawaru's first power
  4078 | D:4      | Reached skill level 8 in Maces & Flails
  4078 | D:4      | Reached XP level 7. HP: 43/55 MP: 9/9
  4282 | D:4      | Found a burning altar of Makhleb.
  4494 | D:5      | Entered Level 5 of the Dungeon
  4620 | D:5      | Reached skill level 9 in Maces & Flails
  4638 | D:5      | Reached skill level 1 in Evocations
  4647 | D:5      | Got an ancient whip
  4649 | D:5      | Identified the +12 whip of the Solstice {slash, Int+2} (You found it on level 5 of the Dungeon)
  4679 | D:5      | Learned a level 2 spell: Blink
  4682 | D:5      | Learned a level 2 spell: Repel Missiles
  4731 | D:5      | Noticed Edmund
  4743 | D:5      | Killed Edmund
  4743 | D:5      | Reached skill level 10 in Maces & Flails
  5041 | D:5      | Reached XP level 8. HP: 28/61 MP: 10/10
  5209 | D:5      | Noticed matakusis's ghost (experienced DsGl)
  5223 | D:5      | Killed matakusis's ghost
  5223 | D:5      | Reached skill level 11 in Maces & Flails
  5527 | D:5      | Found a glowing silver altar of Zin.
  5565 | D:5      | Reached skill level 12 in Maces & Flails
  5749 | D:6      | Found a snail-covered altar of Cheibriados.
  5749 | D:6      | Found a shadowy altar of Dithmenos.
  5749 | D:6      | Found a white marble altar of Elyvilon.
  5864 | D:6      | Found a stormy altar of Qazlal.
  6136 | D:6      | Found a sparkling altar of Nemelex Xobeh.
  6230 | D:6      | Reached XP level 9. HP: 65/67 MP: 11/11
  6234 | D:6      | Reached skill level 13 in Maces & Flails
  6248 | D:6      | Found a deep blue altar of Sif Muna.
  6471 | D:7      | Gained mutation: You have large cloven feet. [mutagenic meat]
  6472 | D:7      | Gained mutation: You have a somewhat thin skeletal structure (Dex +2, Stealth). [mutagenic meat]
  6544 | D:7      | Noticed Ijyb
  6576 | D:7      | Reached skill level 14 in Maces & Flails
  6581 | D:7      | Killed Ijyb
  6655 | D:7      | You fall through a shaft!
  6667 | D:8      | Found a flagged portal.
  6773 | D:8      | Reached skill level 15 in Maces & Flails
  6795 | D:8      | Reached XP level 10. HP: 67/73 MP: 12/12
  6920 | Bailey   | Entered a bailey
  6927 | Bailey   | Noticed an orc knight
  7412 | Bailey   | Killed an orc knight
  7412 | Bailey   | Reached skill level 1 in Invocations
  7886 | D:8      | Reached skill level 5 in Armour
  7908 | D:8      | Acquired Okawaru's second power
  8000 | D:8      | Found an ancient bone altar of Kikubaaqudgha.
  8465 | D:8      | Found a sacrificial altar of Ru.
  8711 | D:7      | Found a glowing golden altar of the Shining One.
  8763 | D:7      | Found an opulent altar of Gozag.
  9707 | D:9      | Reached XP level 11. HP: 59/79 MP: 13/13
  9713 | D:9      | Received a gift from Okawaru
  9734 | D:9      | Reached skill level 10 in Armour
  9819 | D:9      | Found a roughly hewn altar of Beogh.
 10070 | D:10     | Entered Level 10 of the Dungeon
 10128 | D:10     | Noticed a hill giant
 10388 | D:10     | Killed a hill giant
 11061 | D:10     | Found Mipn's Magic Scroll Emporium.
 11076 | D:10     | Bought a scroll of immolation for 52 gold pieces
 11076 | D:10     | Bought a scroll of identify for 30 gold pieces
 11076 | D:10     | Bought a scroll of teleportation for 45 gold pieces
 11076 | D:10     | Bought a scroll of blinking for 112 gold pieces
 11076 | D:10     | Bought a scroll of identify for 30 gold pieces
 11076 | D:10     | Bought a scroll of enchant weapon for 112 gold pieces
 11076 | D:10     | Bought a scroll of magic mapping for 52 gold pieces
 11495 | D:11     | Found a staircase to the Lair.
 11528 | D:11     | Noticed Grum
 11887 | D:11     | Noticed a hill giant
 11895 | D:11     | Killed a hill giant
 12060 | D:11     | Found a roughly hewn altar of Beogh.
 12255 | D:11     | Found a staircase to the Orcish Mines.
 12338 | D:11     | Reached skill level 5 in Fighting
 12467 | D:11     | Noticed a hill giant
 12760 | D:11     | Killed Grum
 13320 | Lair:1   | Entered Level 1 of the Lair of Beasts
 13764 | Lair:1   | Received a gift from Okawaru
 13771 | Lair:1   | Got a thick robe {god gift}
 13784 | Lair:1   | Identified the +1 robe of Happiness {rPois} (Okawaru gifted it to you on level 1 of the Lair of Beasts)
 13829 | Lair:1   | Reached XP level 12. HP: 30/101 MP: 11/14
 13831 | Lair:1   | Found a shadowy altar of Dithmenos.
 14412 | Lair:2   | Noticed Urug
 14424 | Lair:2   | Killed Urug
 14510 | Lair:2   | Noticed Erica
 14523 | Lair:2   | Killed Erica
 14523 | Lair:2   | Reached skill level 5 in Dodging
 15064 | Lair:3   | Reached skill level 10 in Fighting
 16479 | Lair:4   | Noticed Maud
 16501 | Lair:4   | Killed Maud
 16980 | Lair:4   | Reached skill level 1 in Staves
 17107 | Lair:4   | Received a gift from Okawaru
 17192 | Lair:4   | Reached XP level 13. HP: 65/118 MP: 15/15
 17389 | Lair:4   | Noticed a seven-headed hydra
 17392 | Lair:4   | Noticed a seven-headed hydra
 17782 | Lair:4   | Reached skill level 5 in Staves
 17919 | Lair:4   | Killed a seven-headed hydra
 18044 | Lair:4   | Got a polished hand axe
 18045 | Lair:4   | Identified the +8 hand axe of the Spider {freeze, rF+ Str+2 Int+3} (You found it on level 4 of the Lair of Beasts)
 18373 | Lair:4   | Killed a seven-headed hydra
 18859 | Lair:4   | Reached skill level 10 in Staves
 19604 | Lair:5   | Found a staircase to the Shoals.
 19618 | Lair:5   | Received a gift from Okawaru
 19798 | Lair:5   | You fall through a shaft for 3 floors!
 19798 | Lair:8   | Entered Level 8 of the Lair of Beasts
 20880 | Lair:6   | Reached XP level 14. HP: 129/129 MP: 16/16
 21011 | Lair:6   | Found a hole to the Spider Nest.
 22394 | Lair:7   | Noticed Nessos
 22444 | Lair:7   | Killed Nessos
 22444 | Lair:7   | Received a gift from Okawaru
 22968 | Lair:8   | Reached skill level 15 in Fighting
 23051 | Lair:8   | Reached skill level 10 in Dodging
 23627 | Lair:8   | Reached skill level 16 in Fighting
 24051 | Lair:8   | Found a viscous altar of Jiyva.
 24051 | Lair:8   | Found a staircase to the Slime Pits.
 24072 | Lair:8   | Noticed Josephine
 24079 | Lair:8   | Killed Josephine
 24150 | Lair:8   | Received a gift from Okawaru
 25295 | Orc:1    | Entered Level 1 of the Orcish Mines
 25385 | Orc:1    | Noticed Fannar
 25412 | Orc:1    | Killed Fannar
 25873 | Orc:3    | Reached XP level 15. HP: 145/145 MP: 17/17
 26040 | Orc:3    | Found a bloodstained altar of Trog.
 26469 | Orc:3    | Found a roughly hewn altar of Beogh.
 26899 | Orc:4    | Entered Level 4 of the Orcish Mines
 27032 | Orc:4    | Found a staircase to the Elven Halls.
 27472 | Orc:3    | Upgraded the game from 0.17-a0-1528-gfee3901 to 0.17-a0-1533-g2f57bce
 28226 | Orc:4    | Found Plog's Distillery.
 28226 | Orc:4    | Found Metyacim's Weapon Emporium.
 28228 | Orc:4    | Found Tadaeb's Book Shoppe.
 28230 | Orc:4    | Found Tollau's Weapon Boutique.
 28237 | Orc:4    | Bought a potion of heal wounds for 60 gold pieces
 28237 | Orc:4    | Bought a potion of might for 48 gold pieces
 28237 | Orc:4    | Bought a potion of might for 48 gold pieces
 28237 | Orc:4    | Bought a potion of curing for 36 gold pieces
 28237 | Orc:4    | Bought a potion of curing for 36 gold pieces
 28237 | Orc:4    | Bought a potion of haste for 120 gold pieces
 28245 | Orc:4    | Bought the +8 lance "Wyrmbane" {slay drac, +Rage rPois rF+ AC+5} for 1371 gold pieces
 28829 | Orc:1    | Reached skill level 1 in Polearms
 28934 | Orc:1    | Noticed Erolcha
 28942 | Orc:1    | Killed Erolcha
 30126 | D:13     | Reached skill level 5 in Polearms
 30278 | D:13     | Identified a scroll of acquirement
 30279 | D:13     | Got a translucent hat
 30290 | D:13     | Identified the +0 hat "Pihaa" {MR+} (You acquired it on level 13 of the Dungeon)
 30843 | D:13     | Got an ancient leather armour
 30845 | D:13     | Identified the +1 leather armour "Limaiw" {Slay+2} (You took it off a human on level 13 of the Dungeon)
 31477 | D:13     | Found a gate to the Vaults.
 31849 | Spider:1 | Entered Level 1 of the Spider Nest
 31863 | Spider:1 | Noticed HEYYEYAAE's ghost (mighty DrBe)
 31889 | Spider:1 | Killed from afar by HEYYEYAAE's ghost

Vault maps used:
D:1:      nicolae_arrival_kraken_aquarium_b, st_stairs_4,
          minmay_misc_feat_columns
D:2:      uniq_jessica
D:3:      grunt_temple_overflow_champion_of_chaos
D:4:      temple_pool_b, makhleb_blood_cavern_becter, uniq_eustachio
D:5:      lemuel_crystal_altar, first_bread, uniq_edmund
D:6:      grunt_temple_overflow_open, old_standard_altar,
          nicolae_overflow_hidden_temple, nemelex_dance_club_becter
D:7:      erik_1, nicolae_tso_swordbearing_angel, basic_altar
D:8:      nicolae_overflow_crystal_walls, basic_altar, enter_bailey_8
D:9:      special_room
D:10:     serial_shops, shop
D:11:     minmay_lair_entry_lava, david_orc_5, uniq_grum
D:12:     special_room, fake_guardian_serpent_vault
D:13:     grunt_vaults_entry_tiered
Temple:   minmay_temple_bridge_a_8
Lair:1:   basic_altar, lemuel_fruit_tree
Lair:2:   serial_bayou_shore_b, uniq_urug, uniq_erica
Lair:4:   mu_elephants_graveyard, serial_bayou_pond_d, disabler_island,
          uniq_maud
Lair:5:   elwin_shoals_entry_rocks
Lair:6:   spider_nest_entry_webs, beast_lair_carwin_10, lemuel_fruit_fields
Lair:7:   grunt_megastairs_4, uniq_nessos
Lair:8:   minmay_lair_end_enchanted_forest, slime_altar_1, uniq_josephine
Orc:1:    uniq_erolcha, uniq_fannar
Orc:3:    nicolae_orc_accident_2, nicolae_orc_pool_cavern, bloody_trog
Orc:4:    st_orc_rangers
Bailey:   bailey_axe_4, bailey

Action                   |  1- 3 |  4- 6 |  7- 9 | 10-12 | 13-15 || total
-------------------------+-------+-------+-------+-------+-------++-------
Melee: Unarmed           |    18 |       |       |       |       ||    18
       Mace              |    48 |    67 |       |       |       ||   115
       Club              |    14 |       |       |       |       ||    14
       Whip              |     8 |       |   179 |   360 |       ||   547
       Flail             |       |    92 |    70 |       |       ||   162
       Dire flail        |       |       |       |   685 |  1060 ||  1745
       Lajatang          |       |       |       |    83 |   127 ||   210
       Great mace        |       |       |       |       |   797 ||   797
Throw: Stone             |       |     1 |       |    33 |       ||    34
       Tomahawk          |       |       |       |    12 |       ||    12
 Cast: Magic Dart        |     4 |       |       |       |       ||     4
       Repel Missiles    |       |       |     1 |       |       ||     1
Invok: Heroism           |       |       |     2 |    19 |    17 ||    38
 Abil: Evoke Berserk Rag |       |     2 |     1 |     5 |     3 ||    11
Evoke: Wand              |       |       |     2 |     1 |     3 ||     6
  Use: Scroll            |       |     6 |     7 |    21 |    13 ||    47
       Potion            |       |     4 |     3 |     8 |     2 ||    17
 Stab: Sleeping          |     3 |       |     4 |     7 |    12 ||    26
       Distracted        |       |       |       |     3 |     2 ||     5
  Eat: Beef jerky        |     1 |     1 |       |     1 |     3 ||     6
       Pizza             |     1 |       |       |     2 |       ||     3
       Chunk             |       |     2 |     7 |     5 |    11 ||    25
       Meat ration       |       |     1 |     1 |     3 |     5 ||    10
       Fruit             |       |       |       |    18 |     8 ||    26
       Royal jelly       |       |       |       |     2 |     1 ||     3
